 Dungeon Crawl Stone Soup version 0.25.0-11-g1f837a76a1 (webtiles) character file.

Game seed: 17528315389973745408

7054 Dirian the Carver (level 10, -6/88 HPs)
             Began as a Minotaur Fighter on June 27, 2020.
             Shot with an arrow by a centaur warrior (19 damage)
             ... on level 10 of the Dungeon.
             The game lasted 00:16:01 (8845 turns).

Dirian the Carver (Minotaur Fighter)                Turns: 8845, Time: 00:16:02

Health: -6/88      AC: 16    Str: 24    XL:     10   Next: 83%
Magic:  12/12      EV:  3    Int:  5    God:
Gold:   159        SH: 11    Dex: 10    Spells: 9/9 levels left

rFire    + . .     SeeInvis .   f - +1 long sword (protect)
rCold    + . .     Gourm    .   c - +0 kite shield
rNeg     . . .     Faith    .   D - -1 gold dragon scales
rPois    +         Spirit   .   (helmet restricted)
rElec    .         Reflect  .   (no cloak)
rCorr    .         Harm     .   (no gloves)
MR       +....                  l - +0 pair of boots
Stlth    ..........             (no amulet)
HPRegen  0.24/turn              g - ring of protection from magic
MPRegen  0.13/turn              (no ring)

@: no status effects
A: retaliatory headbutt, horns 2
a: no special abilities


You were on level 10 of the Dungeon.
You were not hungry.

You visited 2 branches of the dungeon, and saw 11 of its levels.
You also visited: Sewer.

You collected 533 gold pieces.
You spent 374 gold pieces at shops.

Inventory:

Hand Weapons
 f - a +1 long sword of protection (weapon)
 o - a +2 short sword of flaming
 B - a +0 scimitar
Armour
 c - a +0 kite shield (worn)
 l - a +0 pair of boots (worn)
 D - -1 gold dragon scales (worn)
Jewellery
 g - a ring of protection from magic (left hand)
Wands
 p - a wand of flame (10)
 v - a wand of digging (11)
 z - a wand of iceblast (4)
 A - a wand of acid (19)
Scrolls
 i - a scroll of immolation
 j - 2 scrolls of enchant weapon
 k - 2 scrolls of fear
 m - a scroll of fog
 r - a scroll of identify
 t - 10 scrolls of teleportation
 x - 6 scrolls of remove curse
Potions
 b - a potion of berserk rage
 d - 5 potions of might
 h - a potion of haste
 n - a potion of resistance
 q - 5 potions of curing
 s - a potion of invisibility
 u - 3 potions of cancellation
 w - a potion of lignification
 y - 3 potions of flight
Comestibles
 a - 2 chunks of flesh
 e - 14 rations


   Skills:
 + Level 7.7 Fighting
 + Level 13.8 Long Blades
 + Level 8.2 Armour
 - Level 9.0 Shields
 * Level 4.0 Evocations


You had 9 spell levels left.
You didn't know any spells.
Your spell library contained the following spells:

 Spells                   Type           Power        Failure   Level  Hunger
 Summon Butterflies       Summ           #.......     100%        1    ##.....
 Call Canine Familiar     Summ           #.......     100%        3    ####...
 Summon Ice Beast         Ice/Summ       #.......     100%        4    #####..
 Summon Mana Viper        Hex/Summ       #.......     100%        5    ######.
 Summon Hydra             Summ           #.........   100%        7    #######


Dungeon Overview and Level Annotations

Branches:
Dungeon (10/15)            Temple (1/1) D:5           Sewer (visited)
   Lair: D:8-11         Orc: D:9-12

Altars:
Ashenzari
Cheibriados
Dithmenos
Elyvilon
Fedhas
Gozag
Hepliaklqana
Kikubaaqudgha
Makhleb
Nemelex Xobeh
Okawaru
Qazlal
Ru
Sif Muna
Trog
Uskayaw
Vehumet
Wu Jian
Xom
Yredelemnul
Zin
The Shining One

Shops:
D:10 !(


Innate Abilities, Weirdness & Mutations

You reflexively headbutt those who attack you in melee.
You have a pair of horns on your head.


Message History

You hear a bellow!
The centaur warrior wields a +0 longbow.
The centaur warrior shoots an arrow.
You block the arrow.
An orc wizard comes into view. It is wielding a +0 dagger.
You see here an arrow.
An iguana comes into view.
The centaur warrior shoots an arrow.
The arrow hits you!
You hear a shout!
The centaur warrior shoots an arrow.
You block the arrow.
The centaur warrior shoots an arrow.
You block the arrow.
You see here an arrow.
The centaur warrior shoots an arrow.
The arrow hits you!!
You hear a shout!
There is a stone staircase leading up, spattered with blood here.
You see here an arrow.
The centaur warrior shoots an arrow.
The arrow hits you!!
The centaur warrior shoots an arrow.
The arrow hits you!!
* * * LOW HITPOINT WARNING * * *
The centaur warrior shoots an arrow.
The arrow hits you!!
You die...

#####
#####...###
#..)#.#....
###..@#...#
#....(>..###
#...#..J...#
#....∩...#c#
###...##o# #
#^..##.#
##.##.∩o #.
#.... #.
#....#


You could see a slime creature, a centaur warrior, an orc wizard and an orc.

Vanquished Creatures
  A two-headed ogre (D:9)
  A hippogriff (D:8)
  Sigmund (D:6)
  6 yaks (D:9)
  2 hungry ghosts
  2 steam dragons
  Edmund (D:6)
  6 orc warriors
  A phantom (D:4)
  2 ice beasts
  A black bear (D:6)
  A necrophage (D:5)
  5 ogres
  5 centaurs
  4 big kobolds
  3 bullfrogs
  A wyvern skeleton (D:7)
  A scorpion (D:8)
  9 killer bees
  3 howler monkeys
  3 wights (D:4)
  4 crimson imps
  A bullfrog zombie (D:7)
  A quasit (D:10)
  2 bullfrog skeletons
  A centaur zombie (D:7)
  5 hounds
  3 jellies
  6 orc wizards
  5 orc priests
  An iguana (D:5)
  10 worker ants
  A killer bee zombie (D:8)
  A hound skeleton (D:9)
  A worker ant zombie (D:5)
  Robin (D:3)
  3 gnolls (D:5)
  14 adders
  5 river rats
  A shadow imp (D:6)
  2 oozes (Sewer)
  5 worms
  4 dart slugs
  9 leopard geckos
  40 orcs
  3 ball pythons
  5 bats
  5 giant cockroaches
  14 goblins
  6 hobgoblins
  4 jackals
  4 quokkas
  A frilled lizard (D:1)
  A jackal zombie (D:7)
  32 kobolds
  A quokka skeleton (D:4)
  A quokka zombie (D:8)
  17 rats
279 creatures vanquished.

Notes
Turn   | Place    | Note
-------+----------+-------------------------------------------
     0 | D:1      | Dirian the Minotaur Fighter began the quest for the Orb.
     0 | D:1      | Reached XP level 1. HP: 19/19 MP: 0/0
   118 | D:1      | Reached XP level 2. HP: 27/27 MP: 1/1
   161 | D:1      | Found a glowing golden altar of the Shining One.
   551 | D:2      | Found a shattered altar of Ashenzari.
   654 | D:2      | Noticed a centaur
   660 | D:2      | Killed a centaur
   660 | D:2      | Reached skill level 3 in Long Blades
   660 | D:2      | Reached XP level 3. HP: 12/34 MP: 2/2
   660 | D:2      | Reached XP level 4. HP: 15/41 MP: 3/3
   693 | D:2      | Reached skill level 4 in Long Blades
   948 | D:2      | Reached XP level 5. HP: 40/47 MP: 4/4
  1525 | D:3      | Reached skill level 5 in Long Blades
  1568 | D:3      | Found a glowing drain.
  1572 | Sewer    | Entered a sewer
  1617 | Sewer    | Reached XP level 6. HP: 53/53 MP: 5/5
  2031 | D:3      | Reached skill level 5 in Armour
  2050 | D:3      | Identified the cursed +0 helmet "Yhec" {Str+4 Dex+2}
  2050 | D:3      | Noticed Robin
  2060 | D:3      | Killed Robin
  2361 | D:3      | Reached skill level 6 in Long Blades
  2732 | D:4      | Reached skill level 5 in Shields
  2732 | D:4      | Reached XP level 7. HP: 53/60 MP: 6/6
  2797 | D:4      | Reached skill level 5 in Fighting
  2797 | D:4      | Reached skill level 7 in Long Blades
  3113 | D:4      | Reached skill level 8 in Long Blades
  3392 | D:4      | Found a shadowy altar of Dithmenos.
  3392 | D:4      | Found a burning altar of Makhleb.
  3444 | D:5      | Entered Level 5 of the Dungeon
  3476 | D:5      | Found a shimmering altar of Xom.
  3536 | D:5      | Reached XP level 8. HP: 69/69 MP: 7/7
  3604 | D:5      | Reached skill level 9 in Long Blades
  3846 | D:5      | Found a staircase to the Ecumenical Temple.
  3897 | Temple   | Entered the Ecumenical Temple
  4561 | D:5      | Found a hide-covered altar of Uskayaw.
  4798 | D:6      | Reached skill level 10 in Long Blades
  4805 | D:6      | Noticed Sigmund
  4818 | D:6      | Killed Sigmund
  4911 | D:6      | Noticed Edmund
  4924 | D:6      | Killed Edmund
  4954 | D:6      | Reached XP level 9. HP: 75/75 MP: 8/8
  4994 | D:6      | Found a hazy altar of Hepliaklqana.
  5610 | D:7      | Reached skill level 11 in Long Blades
  5626 | D:7      | Reached skill level 1 in Evocations
  6342 | D:8      | Reached skill level 12 in Long Blades
  6782 | D:8      | Reached XP level 10. HP: 68/86 MP: 10/10
  7830 | D:9      | Found a sparkling altar of Nemelex Xobeh.
  8085 | D:9      | Reached skill level 13 in Long Blades
  8335 | D:9      | Noticed a two-headed ogre
  8344 | D:9      | Killed a two-headed ogre
  8770 | D:10     | Entered Level 10 of the Dungeon
  8770 | D:10     | Found Otzey's Distillery.
  8774 | D:10     | Bought a potion of might for 68 gold pieces
  8774 | D:10     | Bought a potion of berserk rage for 85 gold pieces
  8774 | D:10     | Bought a potion of haste for 170 gold pieces
  8774 | D:10     | Bought a potion of curing for 51 gold pieces
  8775 | D:10     | Found Hyiblyrr's Antique Weapon Emporium.
  8834 | D:10     | Noticed a centaur warrior
  8845 | D:10     | Shot with an arrow by a centaur warrior

Illustrated notes

Levels and vault maps discovered:
D:1:      ncdulo_wetmaze, layout_loops_ring, tso_metal_star
D:2:      layout_basic, lemuel_doored_altar, first_ration
D:3:      layout_loops_ring, gup_sewer_entry_spiral, uniq_robin
D:4:      layout_rooms, gammafunk_temple_overflow_wave, minivault_23
D:5:      layout_basic, old_standard_altar, marbit_many_paths,
          minmay_temple_entry_grid
D:6:      layout_basic, kennysheep_mini_moat, serial_curves, eino_curves_04,
          eino_curves_02, uniq_edmund, uniq_sigmund
D:7:      layout_rooms
D:8:      layout_cave_pools
D:9:      layout_basic, nicolae_overflow_hidden_temple
D:10:     minmay_the_grid_octo_triangle [minmay_the_grid_octo_horde,
          minmay_the_grid_octo_prize_square_snowflake,
          minmay_the_grid_octo_checkerflower], layout_loops_ring, serial_shops,
          shop, shop_statue, nicolae_shop_temple_entry_statues_fountains, shop,
          shop
Temple:   regret_index_temple_generic_petals

Skill      XL: |  1  2  3  4  5  6  7  8  9 10 |
---------------+-------------------------------+-----
Armour         | 4 5 6 7 8 |  8.2
Fighting       | 4 5 6 7 |  7.7
Long Blades    | 3 4 5 6 8 10 12 13 | 13.8
Shields        | 4 5 6 7 9 |  9.0
Evocations     | 2 4 |  4.0

Action                   |  1- 3 |  4- 6 |  7- 9 | 10-12 || total
-------------------------+-------+-------+-------+-------++-------
Melee: Long sword        |    36 |   252 |   399 |   258 ||   945
       Headbutt          |     5 |    35 |    88 |    45 ||   173
  Use: Potion            |     1 |       |       |       ||     1
       Scroll            |       |     9 |       |    10 ||    19
  Eat: Chunk             |       |     7 |    14 |     8 ||    29
       Ration            |       |       |       |     1 ||     1
Armor: Scale mail        |    13 |    74 |       |       ||    87
       Chain mail        |       |    10 |   156 |    28 ||   194
       Gold dragon scale |       |       |       |   104 ||   104
Dodge: Dodged            |    12 |    60 |    77 |    37 ||   186
Block: Kite shield       |    14 |   100 |   228 |   130 ||   472
       Rpst.: Long sword |     2 |    10 |    26 |     7 ||    45
